 Dungeon Crawl Stone Soup version 0.29.0-4-gdea44cf6ec (webtiles) character file.

Game seed: 569293470422663221

1150 SnakkuSnakku7 the Skirmisher (level 8, 0/44 HPs)
             Began as a Tengu Warper on Aug 27, 2022.
             Was a Believer of the Shining One.
             Slain by an ice beast (9 damage)
             ... on level 5 of the Dungeon on Aug 28, 2022.
             The game lasted 00:10:37 (5667 turns).

SnakkuSnakku7 the Skirmisher (Tengu Warper)         Turns: 5667, Time: 00:10:39

Health: 0/44       AC:  5    Str: 12    XL:     8   Next: 38%
Magic:  12/12      EV: 14    Int: 11    God:    the Shining One [**....]
Gold:   150        SH:  0    Dex: 16    Spells: 11/11 levels left

rFire   + + +      SeeInvis .   o - +1 quarterstaff of the Spinneret {flame, rF++ Int-2}
rCold   . . .      Faith    .   (shield currently unavailable)
rNeg    + . .      Spirit   .   b - +0 leather armour
rPois   .          Reflect  .   n - +1 hat
rElec   .          Harm     .   (no cloak)
rCorr   .          Rampage  .   g - +0 pair of gloves
Will    .....                   (boots unavailable)
Stlth   +.........              (no amulet)
HPRegen 0.14/turn               h - ring of protection from fire
MPRegen 0.13/turn               q - ring of wizardry

@: flying quickly and evasively, glowing, quick
A: beak, talons 3, nimble flight
a: Renounce Religion, Divine Shield


You were on level 5 of the Dungeon.
You worshipped the Shining One.
The Shining One was pleased with you.
You visited 1 branch of the dungeon, and saw 5 of its levels.

You collected 339 gold pieces.
You spent 189 gold pieces at shops.

Inventory:

Hand Weapons
 a - a +0 falchion
 i - a +0 triple crossbow
 o - the +1 quarterstaff of the Spinneret (weapon) {flame, rF++ Int-2}
   (You found it on level 3 of the Dungeon)

   It burns those it strikes, dealing additional fire damage.
   Int:       It affects your intelligence (-2).
   rF:        It greatly protects you from fire.
Missiles
 d - 7 boomerangs of dispersal (quivered)
 t - 2 boomerangs
Armour
 b - a +0 leather armour (worn)
 g - a +0 pair of gloves (worn)
 n - a +1 hat (worn)
Jewellery
 h - a ring of protection from fire (left hand)
 q - a ring of wizardry (right hand)
Wands
 p - a wand of light (2)
Scrolls
 c - 2 scrolls of blinking
 k - 4 scrolls of teleportation
 l - a scroll of torment {unknown}
 s - a scroll of immolation {unknown}
 u - a scroll of enchant weapon
Potions
 e - a potion of might
 f - a potion of cancellation
 j - 2 potions of mutation
 m - a potion of degeneration {unknown}


   Skills:
 - Level 2.0 Fighting
 - Level 3.7 Long Blades
 + Level 10.0 Ranged Weapons
 - Level 1.0 Throwing
 - Level 1.1 Armour
 - Level 2.1 Dodging
 - Level 2.0 Spellcasting
 - Level 2.4 Translocations


You had 11 spell levels left.
You didn't know any spells.
Your spell library contained the following spells:

 Spells                   Type           Power      Damage    Failure   Level
 Blink                    Tloc           12%        N/A       9%          2
 Gell's Gravitas          Tloc           6%         N/A       16%         3
 Lesser Beckoning         Tloc           6%         N/A       16%         3
 Teleport Other           Tloc           6%         N/A       16%         3
 Inner Flame              Hex/Fire       1%         N/A       38%         3
 Animate Armour           Summ/Erth      2%         N/A       78%         4
 Cause Fear               Hex            0%         N/A       78%         4
 Manifold Assault         Tloc           6%         N/A       80%         5
 Blade Hands              Tmut           0%         N/A       98%         5
 Iron Shot                Conj/Erth      0%         9d1       100%        6
 Discord                  Hex            0%         N/A       100%        8


Dungeon Overview and Level Annotations

Branches:
Dungeon (5/15)             Temple (0/1) D:5

Altars:
Cheibriados
Ru
The Shining One

Shops:
D:1 (   D:3 [?(?   D:5 (

Annotations:
D:3 1 runed translucent door, jujuben's ghost, amateur MiHu
D:4 Dig


Innate Abilities, Weirdness & Mutations

You have a beak for a mouth.
You have claws for feet.
Your magical nature lets you fly swiftly and evasively.


Message History

The necrophage hits you but does no damage.
You hit the necrophage. You burn the necrophage.
You destroy the necrophage!
The Shining One accepts your kill.
You feel better.
Your life force feels restored.
Your Ranged Weapons skill increases to level 10!
You see here a necrophage corpse.
You reach down and open the door.
An ice beast comes into view.
Found a stone staircase leading down.
An ice beast is nearby!
An ice beast is nearby!
There is an open door here.
The ice beast barely misses you.
You barely miss the ice beast.
You claw the ice beast, but do no damage.
You peck the ice beast, but do no damage.
The ice beast hits you but does no damage.
The ice beast hits you. The ice beast freezes you!
You barely miss the ice beast. The ice beast misses you.
You hit the ice beast.
You melt the ice beast.
You claw the ice beast.
The ice beast is moderately wounded.
The ice beast completely misses you.
You hit the ice beast.
You melt the ice beast.
You peck the ice beast.
The ice beast is heavily wounded.
The ice beast hits you. The ice beast freezes you!
You barely miss the ice beast.
You claw the ice beast, but do no damage.
The ice beast is heavily wounded.
The ice beast hits you. The ice beast freezes you.
* * * LOW HITPOINT WARNING * * *
The ice beast barely misses you.
You hit the ice beast but do no damage.
You claw the ice beast, but do no damage.
The ice beast is heavily wounded.
The ice beast hits you.
* * * LOW HITPOINT WARNING * * *
The ice beast freezes you!
You die...

###..............#
#.....#.###......#### ...
#.#...#.# ##......... ...
#....##.# ##.####### ...
#.###...##.# #.# #.#
#....†..##.# #.# #.#
#####......# ##'## #.#
##.###### ##...## #####.####
##...## #.@...# #...))...#
#.....# #.Y.....# #.##).##.#
##....####.........##.#.).##.#
###.......+>........+..).......
#......####.........##)#...##.#
#.#...## ##.......###.##.###.#
#.#..## ##.....## #........#
#.#..# ##...## ####.#####
#.#..# #+#########.###


You could see an ice beast.

Vanquished Creatures
  Pikel (D:5)
  A centaur (D:5)
  A lemure (D:5)
  2 necrophages
  A jelly (D:4)
  3 orc priests
  4 iguanas
  5 orc wizards
  4 adders
  2 ufetubi (D:5)
  A worm (D:3)
  3 dart slugs
  22 orcs
  6 ball pythons
  3 bats
  5 endoplasms
  3 giant cockroaches
  10 goblins
  9 hobgoblins
  7 jackals
  A quokka (D:1)
  2 frilled lizards
  4 kobolds
  7 rats
107 creatures vanquished.

Notes
Turn   | Place    | Note
-------+----------+-------------------------------------------
     0 | D:1      | SnakkuSnakku7 the Tengu Warper began the quest for the Orb.
     0 | D:1      | Reached XP level 1. HP: 12/12 MP: 4/4
   209 | D:1      | Reached XP level 2. HP: 13/17 MP: 6/6
   410 | D:1      | Found a faded altar of an unknown god.
   445 | D:1      | Prayed at the altar of an unknown god.
   445 | D:1      | Became a worshipper of the Shining One
   445 | D:1      | Reached * piety under the Shining One
   534 | D:1      | Reached XP level 3. HP: 18/21 MP: 7/7
   577 | D:1      | Found Rucia's Antique Weapon Boutique.
   860 | D:2      | Reached skill level 1 in Ranged Weapons
  1248 | D:3      | Found Zedidgh's Antique Weapon Boutique.
  1250 | D:3      | Found a runed translucent door.
  1259 | D:3      | Reached skill level 2 in Ranged Weapons
  1269 | D:3      | Identified the +1 quarterstaff of the Spinneret {flame,
                  | rF++ Int-2}
  1290 | D:3      | Reached XP level 4. HP: 15/26 MP: 8/8
  1474 | D:3      | Found a snail-covered altar of Cheibriados.
  1552 | D:3      | Noticed jujuben's ghost (amateur MiHu)
  1584 | D:3      | Reached skill level 3 in Ranged Weapons
  1621 | D:3      | Noticed a necrophage
  1621 | D:3      | Reached ** piety under the Shining One
  1628 | D:3      | Killed a necrophage
  1629 | D:3      | Reached skill level 4 in Ranged Weapons
  1629 | D:3      | Gained mutation: Your magical nature lets you fly swiftly
                  | and evasively. [Tengu growth]
  1629 | D:3      | Reached XP level 5. HP: 24/30 MP: 9/9
  1680 | D:3      | Found Xaacue's Magic Scroll Boutique.
  1947 | D:3      | Found Tisusuir's Magic Scroll Shop.
  1955 | D:3      | Bought a scroll of blinking for 105 gold pieces
  1955 | D:3      | Bought a scroll of identify for 28 gold pieces
  1955 | D:3      | Bought a scroll of noise for 14 gold pieces
  2106 | D:3      | Found Enatotot's Antique Armour Shoppe.
  2764 | D:4      | Reached skill level 5 in Ranged Weapons
  2764 | D:4      | Reached XP level 6. HP: 10/35 MP: 10/10
  3570 | D:4      | Reached skill level 6 in Ranged Weapons
  4296 | D:5      | Entered Level 5 of the Dungeon
  4346 | D:3      | Bought a scroll of teleportation for 42 gold pieces
  4467 | D:5      | Found Wemocs's Weapon Boutique.
  4637 | D:5      | Noticed Pikel
  4745 | D:5      | Killed Pikel
  4746 | D:5      | Reached skill level 8 in Ranged Weapons
  4746 | D:5      | Reached XP level 7. HP: 12/40 MP: 11/11
  4999 | D:5      | Found a sacrificial altar of Ru.
  5061 | D:5      | Reached XP level 8. HP: 44/44 MP: 12/12
  5067 | D:5      | Reached skill level 9 in Ranged Weapons
  5578 | D:5      | Found a staircase to the Ecumenical Temple.
  5639 | D:5      | Reached skill level 10 in Ranged Weapons
  5667 | D:5      | Slain by an ice beast

Illustrated notes

Levels and vault maps discovered:
D:1:      dpeg_arrival_more_subterranean_lakeside_camping, layout_loops_ring,
          hellmonk_ecumenical_altar_arch_garden, serial_shops,
          nicolae_shop_advertising_works [nicolae_subvault_shop_adworks]
D:2:      layout_rooms
D:3:      layout_basic, cheibrodos_worm_habitat, hellmonk_ghost_happy_afterlife,
          serial_shops, shop, nicolae_shop_hallway_stairs, shop,
          nicolae_shop_trees
D:4:      layout_basic, due_unseen_surprise
D:5:      layout_loops_corners, mainiacjoe_overflow_cross_hatched,
          nicolae_vehumet_radiance, minmay_temple_entry_statues_pillars,
          serial_shops, nicolae_shop_competitors_out_of_business,
          uniq_prince_ribbit1, uniq_pikel

Skill      XL: |  1  2  3  4  5  6  7  8 |
---------------+-------------------------+-----
Long Blades    | 3 |  3.7
Ranged Weapons | 2 4 5 8 10 | 10.0
Fighting       | |  2.0
Throwing       | |  1.0
Armour         | |  1.1
Dodging        | |  2.1
Spellcasting   | |  2.0
Translocations | |  2.4

Action                   |  1- 3 |  4- 6 |  7- 9 || total
-------------------------+-------+-------+-------++-------
Melee: Falchion          |    67 |       |       ||    67
       Kick              |    18 |    37 |    13 ||    68
       Peck              |     8 |    20 |     9 ||    37
       Quarterstaff      |     6 |   100 |    45 ||   151
Evoke: Wand              |       |    10 |       ||    10
  Use: Scroll            |       |     6 |       ||     6
       Potion            |       |     1 |     1 ||     2
Armor: Leather armour    |    18 |    22 |    13 ||    53
Dodge: Dodged            |    46 |    90 |    36 ||   172
